 Dungeon Crawl Stone Soup version 0.30-a0-305-g026cb31310 (webtiles) character file.

Game seed: 3043030345830484378

123 MrRokkomies the Cudgeller (level 4, -3/40 HPs)
             Began as an Armataur Gladiator on Oct 22, 2022.
             Was a Follower of Wu Jian.
             Splashed by a jelly's acid (9 damage)
             ... on level 4 of the Dungeon.
             The game lasted 00:04:41 (1955 turns).

MrRokkomies the Cudgeller (Armataur Gladiator)      Turns: 1955, Time: 00:04:42

Health: -3/40      AC: -2    Str: 21    XL:     4   Next: 79%
Magic:  4/4        EV:  6    Int:  8    God:    Wu Jian [*.....]
Gold:   184        SH:  0    Dex: 12    Spells: 3/3 levels left

rFire   . . .      SeeInvis .    a - +0 flail
rCold   . . .      Faith    .    (no shield)
rNeg    . . .      Spirit   .    i - +0 chain mail
rPois   +          Reflect  .    c - +1 helmet
rElec   .          Harm     .    (no cloak)
rCorr   .          Roll     +    (no gloves)
Will    .....                    (no barding)
Stlth   ..........               (no amulet)
HPRegen 0.26/turn                l - ring of wizardry
MPRegen 0.09/turn                o - ring of poison resistance

@: confused, ambrosia-drunk, corroded
A: large, rugged brown scales 3, deformed body, armoured tail, roll, long
tongue, awkward tongue
a: Renounce Religion


You were on level 4 of the Dungeon.
You worshipped Wu Jian.
Wu Jian was aware of your devotion.
You visited 1 branch of the dungeon, and saw 4 of its levels.

You collected 184 gold pieces.

Inventory:

Hand Weapons
 a - a +0 flail (weapon)
Missiles
 d - 3 throwing nets
 e - a javelin
 f - 8 poisoned darts (quivered)
Armour
 b - a +0 leather armour
 c - a +1 helmet (worn)
 i - a +0 chain mail (worn)
Jewellery
 l - a ring of wizardry (left hand)
 n - a ring of wizardry
 o - a ring of poison resistance (right hand)
 q - a ring of see invisible
Potions
 g - a potion of flight
 m - a potion of invisibility


   Skills:
 * Level 3.0 Fighting
 * Level 3.6 Maces & Flails
 - Level 1.7 Throwing
 + Level 1.9 Armour
 + Level 2.6 Dodging


You had 3 spell levels left.
You didn't know any spells.
Your spell library contained the following spells:

 Spells                   Type           Power      Damage    Failure   Level
 Necrotise                Necr           0%         1d4       85%         1
 Sting                    Tmut/Pois      0%         1d3       85%         1
 Poisonous Vapours        Pois/Air       0%         N/A       92%         2
 Vampiric Draining        Necr           0%         2d6       99%         3
 Olgreb's Toxic Radiance  Pois           0%         N/A       100%        4
 Agony                    Necr           0%         N/A       100%        5


Dungeon Overview and Level Annotations

Branches:
Dungeon (4/15)
 Temple: D:4-7

Altars:
Wu Jian


Innate Abilities, Weirdness & Mutations

You are completely covered in rugged brown scales. (AC +3, +7% HP)
Armour fits poorly on your strangely shaped body.
You have a long armoured tail.
You roll when moving toward enemies. (Rampage)
Your long tongue fully drains potion bottles. (2x potion effects)
Your tongue gives you trouble enunciating. (1.5x scroll delay)


Message History

You are too injured to fight recklessly!
You are too injured to fight recklessly!
You are too injured to fight recklessly!
You are too injured to fight recklessly!
You hit the jelly but do no damage.
Your hands burn!
* * * LOW HITPOINT WARNING * * *
You tail-slap the jelly.
The jelly is heavily wounded.
The jelly hits you.
* * * LOW HITPOINT WARNING * * *
You are splashed with acid.
* * * LOW HITPOINT WARNING * * *
You slurp down every last drop of the potion of heal wounds!
You feel much better. The jelly barely misses you.
You hit the jelly but do no damage.
Your hands burn!
Your tail-slap misses the jelly.
The jelly is heavily wounded.
The jelly hits you. The acid corrodes you!
You are splashed with acid!
The jelly hits you. The acid corrodes you!
You are splashed with acid!
You aren't carrying any scrolls.
Throw: 9 darts (poison)
Press: ? - help, Q - select action, (/) - cycle Shift-Dir - straight line, f - jelly
Aim: a jelly (heavily wounded, 89% to hit)
You throw a poisoned dart. The poisoned dart hits the jelly.
The jelly is heavily wounded.
The jelly hits you.
* * * LOW HITPOINT WARNING * * *
You are splashed with acid!
* * * LOW HITPOINT WARNING * * *
Unknown command.
You slurp down every last drop of the potion of ambrosia!
You are confused.
You feel invigorated. The jelly hits you.
* * * LOW HITPOINT WARNING * * *
You are splashed with acid!
* * * LOW HITPOINT WARNING * * *
The jelly hits you.
* * * LOW HITPOINT WARNING * * *
You are splashed with acid!
You die...

#.#.## ##.#
#....# #..#
#.#.# #.#
###...###)##
#.......)..#
..##.<.†.#.##
##...##..#
#####.#.).#...
#.....)@#..####
.......J##..#
.......$. #..#
.........# #.#
.........# ..#
.........# ..
.........#
.....<..##


You could see a jelly.

Vanquished Creatures
  An orc priest (D:4)
  Jessica (D:3)
  2 adders (D:2)
  A worm (D:3)
  A dart slug (D:4)
  5 orcs (D:4)
  3 bats
  4 endoplasms
  4 giant cockroaches
  2 goblins
  3 hobgoblins
  2 kobolds (D:2)
  3 ball pythons
  6 frilled lizards
  3 rats
41 creatures vanquished.

Notes
Turn   | Place    | Note
-------+----------+-------------------------------------------
     0 | D:1      | MrRokkomies the Armataur Gladiator began the quest for the
                  | Orb.
     0 | D:1      | Reached XP level 1. HP: 18/18 MP: 1/1
   651 | D:1      | Reached XP level 2. HP: 24/25 MP: 2/2
   859 | D:2      | Reached skill level 1 in Armour
  1037 | D:2      | Reached XP level 3. HP: 32/32 MP: 3/3
  1114 | D:2      | Found a faded altar of an unknown god.
  1144 | D:2      | Prayed at the altar of an unknown god.
  1144 | D:2      | Became a worshipper of the Wu Jian Council
  1144 | D:2      | Reached * piety under Wu Jian
  1539 | D:3      | Noticed Jessica
  1549 | D:3      | Killed Jessica
  1550 | D:3      | Reached XP level 4. HP: 36/39 MP: 4/4
  1950 | D:4      | HP: 2/40 [acid (6)]
  1955 | D:4      | Splashed by a jelly's acid

Illustrated notes

Levels and vault maps discovered:
D:1:      saegor_arrival_simple_a, layout_basic, palyth_stone_intersect,
          minmay_tromino_v4_c
D:2:      layout_basic, hellmonk_ecumenical_altar_pennies_from_heaven
D:3:      layout_basic, uniq_jessica
D:4:      layout_rooms, mainiacjoe_overflow_tiny_flanked, grunt_dithmenos_smoke

Skill      XL: |  1  2  3  4 |
---------------+-------------+-----
Fighting       | 2 3 |  3.0
Maces & Flails | 3 |  3.6
Armour         | 1 |  1.9
Throwing       | |  1.7
Dodging        | |  2.6

Action                   |  1- 3 |  4- 6 || total
-------------------------+-------+-------++-------
Melee: Flail             |    69 |    43 ||   112
       Tailslap          |     5 |     8 ||    13
       Punch             |     1 |       ||     1
Throw: Dart              |       |     1 ||     1
Invok: Whirlwind         |       |     1 ||     1
  Use: Scroll            |     7 |     2 ||     9
       Potion            |       |     2 ||     2
Armor: Chain mail        |    41 |    21 ||    62
       Leather armour    |     3 |       ||     3
Dodge: Dodged            |    25 |    14 ||    39

Table legend: (Time is in decaauts)
 A = Elapsed time spent in this place.
 B = Non-inter-level travel time spent in this place.
 C = Inter-level travel time spent in this place.
 D = Time resting spent in this place.
 E = Time spent auto-exploring this place.
 F = Levels seen in this place.
 G = Mean time per level.
                   A        B        C        D        E       F      G
               +--------+--------+--------+--------+--------+-----+--------+
         Total |   1988 |   1953 |     35 |     73 |   1570 |   4 |  497.0 |
       Dungeon |   1988 |   1953 |     35 |     73 |   1570 |   4 |  497.0 |
               +--------+--------+--------+--------+--------+-----+--------+

Top non-repeatable levels by time:
     D:1: 761 daAuts
     D:2: 744 daAuts
     D:3: 400 daAuts
     D:4: 81 daAuts
